Map: Lerilak Crest

Players

LilDicky

  • Race: Terran Terran
  • League: Diamond

Migko - Winner!

  • Race: Terran Terran
  • League: Diamond

VOD

http://www.twitch.tv/tumescentpie

Description

Time

  • Played on: Nov. 26, 2015, 2:07 p.m.
  • Length: 7:41
Show
View Real Time Build Order
Export as new Build Order

LilDicky Terran 

Build Orders:  

Get SALT Encoding   

  12  0:01  SCV  
  13  0:13  SCV  
  14  0:17  Supply Depot  
  14  0:25  SCV  
  15  0:28  Refinery  
  15  0:39  SCV  
  16  0:46  Barracks  
  16  0:52  SCV  
  17  1:05  SCV  
  18  1:21  SCV  
  18  1:30  Barracks  
  18  1:31  Barracks  
  18  1:36  Refinery  
  18  1:39  Reaper  
  19  1:53  Orbital Command  
  18  2:11  Supply Depot, Reaper  
  19  2:17  Reaper  
  19  2:18  Reaper  
  21  2:23  SCV  
  22  2:42  SCV  
  22  2:43  Reaper  
  23  2:49  Reaper  
  23  2:50  Supply Depot  
  23  2:51  Reaper  
  25  2:54  SCV  
  26  3:15  Reaper  
  27  3:21  Reaper  
  27  3:23  Reaper  
  28  3:36  SCV  
  29  3:45  Command Center  
  27  4:18  Marine x2  
  27  4:23  Factory  
  25  4:25  Marine  
  25  4:29  SCV  
  27  4:36  Marine x2  
  27  4:37  Barracks  
  27  4:38  Engineering Bay, Barracks  
  29  4:42  Marine  
  30  4:54  Marine x2  
  32  5:00  Marine  
  33  5:12  Marine x2  
  33  5:15  Factory Tech Lab  
  33  5:18  Marine  
  34  5:26  Marine x2  
  33  5:29  Marine  
  33  5:30  Marine  
  32  5:45  Marine x2  
  32  5:48  Orbital Command  
  31  5:50  SCV  
  30  6:02  SCV  
  34  6:06  Siege Tank, Marine  
  34  6:18  Marine x3  
  24  6:34  Marine  
  24  6:36  Marine x3  
  22  6:49  SCV x2  
  22  6:51  Marine  
  22  6:54  Marine x3  
  25  7:01  SCV  
  29  7:04  Missile Turret  
  29  7:07  SCV  
  30  7:08  Starport  
  30  7:13  SCV, Marine x2  
  33  7:15  Marine  
  33  7:19  SCV  
  35  7:23  Sensor Tower  
Show
View Real Time Build Order
Export as new Build Order

Migko Terran - Winner!

Build Orders: 1/1/1 

Get SALT Encoding   

  12  0:00  SCV  
  13  0:13  SCV  
  14  0:17  Supply Depot  
  14  0:27  SCV  
  15  0:30  Refinery  
  15  0:39  SCV  
  16  0:47  Barracks  
  16  0:51  SCV  
  16  0:56  Refinery  
  17  1:04  SCV  
  18  1:16  SCV  
  19  1:29  SCV  
  20  1:34  Marine  
  20  1:36  Factory  
  21  1:45  Orbital Command  
  21  1:55  Marine  
  21  2:01  Supply Depot  
  22  2:11  SCV  
  22  2:14  Barracks Reactor  
  23  2:21  Starport  
  23  2:22  Factory Tech Lab  
  23  2:26  SCV  
  24  2:41  SCV  
  24  2:44  Supply Depot, Siege Tank  
  28  2:54  SCV  
  29  3:03  Medivac  
  30  3:15  SCV  
  30  3:18  Marine  
  31  3:30  Siege Tank  
  34  3:38  Medivac  
  34  3:40  Marine  
  34  3:41  SCV  
  38  3:42  Supply Depot  
  37  4:32  Siege Tank  
  37  4:36  Viking  
  40  4:40  SCV  
  41  4:49  Command Center  
  41  4:53  Barracks  
  41  4:55  Barracks  
  40  5:02  Barracks Tech Lab  
  40  5:03  SCV  
  40  5:04  Siege Tank  
  40  5:05  Command Center  
  44  5:15  SCV  
  45  5:26  Marine  
  46  5:29  SCV  
  47  5:59  Barracks Reactor, Barracks Tech Lab  
  47  6:00  Supply Depot  
  47  6:01  Supply Depot  
  47  6:17  SCV, Viking, Siege Tank  
  53  6:27  Marine x2  
  53  6:28  Orbital Command  
  53  6:29  SCV  
  56  6:36  Supply Depot  
  56  6:44  Marine  
  56  6:46  Marine x2  
  56  6:47  Marine  
  56  6:48  SCV  
  56  6:52  Orbital Command  
  58  6:56  Command Center  
  58  6:59  Supply Depot  
  58  7:06  Supply Depot, Marine x2  
  58  7:07  Supply Depot  
  60  7:13  Marine  
  60  7:14  Marine  
  62  7:20  SCV x2  
Tags
 
Add a new tag
Caveats
  • Supply blocks, unpowered buildings, or Contaminate may cause inaccurate times.
  • Supply counts are checked every 10 seconds.